 Dungeon Crawl Stone Soup version 0.28.0-53-g5a82cb258f (webtiles) character file.

Game seed: 859127576785148825

4 Ethylacetat the Shooter (level 1, 0/19 HPs)
             Began as a Naga Hunter on May 23, 2022.
             Slain by a jackal (2 damage)
             ... on level 1 of the Dungeon.
             The game lasted 00:00:28 (180 turns).

Ethylacetat the Shooter (Naga Hunter)                Turns: 180, Time: 00:00:29

Health: 0/19       AC:  1    Str: 14    XL:     1   Next: 60%
Magic:  1/1        EV:  9    Int: 11    God:
Gold:   7          SH:  0    Dex: 11    Spells: 0/0 levels left

rFire   . . .      SeeInvis +   b - +0 short sword
rCold   . . .      Faith    .   (no shield)
rNeg    . . .      Spirit   .   c - +0 leather armour
rPois   +          Reflect  .   (no helmet)
rElec   .          Harm     .   (no cloak)
rCorr   .          Rampage  .   (no gloves)
Will    .....                   (no barding)
Stlth   +.........              (no amulet)
HPRegen 0.06/turn               (no ring)
MPRegen 0.07/turn               (no ring)

@: very slow
A: AC +0, large, see invisible, deformed body, poison resistance, slowness 2,
spit poison 1, naga tail 1
a: Spit Poison


You were on level 1 of the Dungeon.
You visited 1 branch of the dungeon, and saw 1 of its levels.

You collected 7 gold pieces.

Inventory:

Hand Weapons
 a - a +1 shortbow
 b - a +0 short sword (weapon)
Missiles
 d - 20 arrows
Armour
 c - a +0 leather armour (worn)
Scrolls
 e - a scroll of identify {unknown}


   Skills:
 + Level 2.0 Fighting
 * Level 3.8 Bows
 - Level 1.5 Dodging
 - Level 1.5 Stealth


You couldn't memorise any spells.
You didn't know any spells.
Your spell library was empty.

Dungeon Overview and Level Annotations

Branches:
Dungeon (1/15)

Altars:


Innate Abilities, Weirdness & Mutations

Your serpentine skin is tough. (AC +0)
You have supernaturally acute eyesight. (SInv)
Armour fits poorly on your strangely shaped body.
Your system is resistant to poisons. (rPois)
You cover ground very slowly.
You can spit poison.
You have a snake-like lower body.


Message History

Press: ? - help, Shift-Dir - straight line, f - kobold
Aim: a kobold, wielding a +0 whip (asleep, 100% to hit)
The splash of poison hits the kobold!
You kill the kobold!
You have got your breath back.
You now have 7 gold pieces.
Found a leather armour. 3 jackals come into view.
The jackal barks! x3
Aiming: Spit Poison (3% risk of failure)
Press: ? - help, Shift-Dir - straight line, f - jackal
Aim: a jackal (43% to hit)
The splash of poison misses the jackal.
The splash of poison hits the jackal.
The jackal is almost dead.
You closely miss the jackal. The jackal closely misses you.
An endoplasm comes into view.
You hit the jackal but do no damage.
The jackal is almost dead.
The jackal barely misses you. x2
The jackal bites you but does no damage.
You closely miss the jackal.
The jackal is almost dead.
The jackal bites you. x2; The jackal barely misses you.
You barely miss the jackal.
The jackal is almost dead.
You have got your breath back.
The jackal barely misses you. The jackal bites you. x2
You hit the jackal but do no damage.
The jackal is almost dead.
The jackal bites you. The jackal barely misses you. The jackal bites you.
You hit the jackal but do no damage.
The jackal is almost dead.
The jackal bites you. x2
* * * LOW HITPOINT WARNING * * *
The jackal bites you.
* * * LOW HITPOINT WARNING * * *
You hit the jackal but do no damage.
The jackal is almost dead.
The jackal barely misses you. The jackal bites you.
You die...

#. #......... #.
#........ #.#
#.......# #.#
.......## #.#
#......##########..
#..................
#..................
#h@.......##'##....
#h####...##...##...
+h #[..#..<..#...
.J #...##...##...
.#. #....##+##....
#.#. #.............
# .. #.............
.. #.###########.
#.# #..


You could see an endoplasm and 3 jackals.

Vanquished Creatures
  An endoplasm (D:1)
  A kobold (D:1)
  A quokka (D:1)
3 creatures vanquished.

Notes
Turn   | Place    | Note
-------+----------+-------------------------------------------
     0 | D:1      | Ethylacetat the Naga Hunter began the quest for the Orb.
     0 | D:1      | Reached XP level 1. HP: 19/19 MP: 1/1
   130 | D:1      | Found a faded altar of an unknown god.
   180 | D:1      | Slain by a jackal

Illustrated notes

Levels and vault maps discovered:
D:1:      dpeg_arrival_shelter, layout_basic,
          ebering_ecumenical_altar_sacrificial, chequers_serial_rivers_room_a,
          st_stairs_6, minmay_misc_feat_rugged

Action                   || total
-------------------------++-------
Melee: Short sword       ||     7
 Fire: Shortbow          ||     2
 Abil: Spit Poison       ||     3
Armor: Leather armour    ||     1
Dodge: Dodged            ||     7
